 Dungeon Crawl Stone Soup version 0.24.0-2-g5b39cebb1c (webtiles) character file.

Game seed: 2919849021281596221, levelgen mode: deterministic

197 Gynju the Magician (level 5, -4/28 HPs)
             Began as a Deep Elf Fire Elementalist on Oct 30, 2019.
             Killed from afar by an orc wizard (7 damage)
             ... with a magic dart
             ... on level 4 of the Dungeon.
             The game lasted 00:06:12 (3394 turns).

Gynju the Magician (Deep Elf Fire Elementalist)     Turns: 3394, Time: 00:06:12

Health: -4/28      AC:  4    Str:  5    XL:     5   Next: 46%
Magic:  4/13       EV: 13    Int: 21    God:
Gold:   165        SH:  4    Dex: 15    Spells: 4/12 levels left

rFire    . . .     SeeInvis .   t - +2 dagger (holy)
rCold    . . .     Gourm    .   b - +0 buckler
rNeg     . . .     Faith    .   a - +0 robe
rPois    .         Spirit   .   q - +0 helmet
rElec    .         Reflect  .   (no cloak)
rCorr    .         Harm     .   (no gloves)
MR       .....                  s - +0 pair of boots
Stlth    ++........             (no amulet)
HPRegen  0.09/turn              (no ring)
MPRegen  0.13/turn              (no ring)

@: no status effects
A: no striking features
a: no special abilities


You were on level 4 of the Dungeon.
You were not hungry.

You visited 1 branch of the dungeon, and saw 4 of its levels.

You collected 165 gold pieces.

Inventory:

Hand Weapons
 e - a +0 short sword of speed
 k - a +2 dagger of flaming
 t - a +2 dagger of holy wrath (weapon)
Missiles
 r - 84 stones (quivered)
Armour
 a - a +0 robe (worn)
 b - a +0 buckler (worn)
 q - a +0 helmet (worn)
 s - a +0 pair of boots (worn)
Jewellery
 h - a cursed amulet of inaccuracy {unknown}
 u - an uncursed ring of protection from cold {unknown}
 x - an uncursed ring of see invisible {unknown}
Wands
 w - a wand of paralysis (5)
Scrolls
 d - 3 scrolls of magic mapping {unknown}
 f - 3 scrolls of random uselessness {unknown}
 l - a scroll of immolation {unknown}
 m - 5 scrolls of identify {unknown}
 o - 2 scrolls of fog {unknown}
 v - a scroll of amnesia {unknown}
 y - a scroll of teleportation {unknown}
Potions
 g - a potion of might {unknown}
 i - a potion of haste {unknown}
 j - a potion of degeneration {unknown}
 n - a potion of lignification {unknown}
 p - a potion of agility {unknown}
Comestibles
 c - 4 rations


   Skills:
 + Level 3.8 Dodging
 - Level 2.4 Stealth
 + Level 1.4 Shields
 + Level 4.3 Spellcasting
 + Level 2.7 Conjurations
 + Level 4.3 Fire Magic


You had 4 spell levels left.
You knew the following spells:

 Your Spells              Type           Power        Failure   Level  Hunger
a - Flame Tongue          Conj/Fire      ###..        3%          1    None
b - Conjure Flame         Conj/Fire      ###.....     11%         3    ##.....
c - Sticky Flame          Conj/Fire      ###.....     36%         4    ####...

Your spell library contained the following spells:

 Spells                   Type           Power        Failure   Level  Hunger
 Throw Flame              Conj/Fire      ###...       5%          2    #......
 Inner Flame              Hex/Fire       ##......     19%         3    ##.....
 Fireball                 Conj/Fire      ###.......   71%         5    ######.


Dungeon Overview and Level Annotations

Branches:
Dungeon (4/15)
 Temple: D:4-7

Altars:
Makhleb


Message History

The orc wizard blocks the flame tongue.
You block the orc's attack. The orc wizard casts a spell at you.
You resist with some effort.
There is an open door here.
The orc wizard gestures wildly while chanting.
The orc wizard blinks!
There is an open door here.
You see here a quokka skeleton.
The orc wizard mumbles some strange words.
The orc wizard blinks!
The orc wizard hits you with a +0 dagger.
* * * LOW HITPOINT WARNING * * *
The orc wizard gestures wildly while chanting.
The orc wizard blinks!
The orc wizard is no longer moving quickly.
The orc wizard casts a spell at you. You resist with some effort.
The orc wizard gestures at you while chanting.
The magic dart hits you!
You die...

#.....# +.....o....#.. #.....#
####+#####'########
#.....#########..>.....o.......#
#.....................o........+
#..............................#
#..............................#
#.................oo...........#
#..............................#
#.....##########@############...
#.....'.............# ..
#.>...#.............#
#.....#.)...........#
#<....#.............#
#.....#...###......##
#.....###+# ######## #.....#
#.....#


You could see an orc wizard and 3 orcs.

Vanquished Creatures
  A jelly (D:3)
  An orc wizard (D:3)
  An orc priest (D:3)
  A hound skeleton (D:4)
  2 adders
  An adder skeleton (D:4)
  3 worms (D:3)
  A dart slug (D:2)
  9 orcs (D:3)
  A giant cockroach (D:2)
  11 goblins
  5 hobgoblins
  2 quokkas
  A ball python (D:3)
  4 bats
  3 frilled lizards (D:2)
  9 kobolds
  2 leopard gecko skeletons (D:4)
  3 rats
61 creatures vanquished.

Notes
Turn   | Place    | Note
-------+----------+-------------------------------------------
     0 | D:1      | Gynju the Deep Elf Fire Elementalist began the quest for
                  | the Orb.
     0 | D:1      | Reached XP level 1. HP: 10/10 MP: 6/6
   405 | D:1      | Reached XP level 2. HP: 15/15 MP: 6/8
  1076 | D:2      | Reached XP level 3. HP: 19/19 MP: 8/10
  1165 | D:2      | Learned a level 3 spell: Conjure Flame
  1233 | D:2      | Found a burning altar of Makhleb.
  2262 | D:3      | Reached XP level 4. HP: 24/24 MP: 6/11
  2268 | D:3      | Learned a level 4 spell: Sticky Flame
  2614 | D:3      | Reached skill level 1 in Shields
  2748 | D:3      | Reached XP level 5. HP: 22/28 MP: 6/13
  3394 | D:4      | Killed from afar by an orc wizard

Levels and vault maps discovered:
D:1:      eino_arrival_cavern_b, layout_loops_ring, grunt_decor_arrowhead,
          serial_bayou_pond_d, minivault_4, grunt_decor_cap, st_stairs_12,
          hangedman_abyss_or_decor_stabs, minmay_small_reverse_x
D:2:      layout_basic, nicolae_overflow_crystal_walls
D:3:      layout_rooms
D:4:      layout_gridville, kennysheep_little_box,
          minmay_temple_entry_enclosed_plants

Skill      XL: |  1  2  3  4 |
---------------+-------------+-----
Dodging        | 3 |  3.8
Conjurations   | 2 |  2.7
Fire Magic     | 4 |  4.3
Shields        | 1 |  1.4
Spellcasting   | 4 |  4.3
Stealth        | |  2.4

Action                   |  1- 3 |  4- 6 || total
-------------------------+-------+-------++-------
Melee: Short sword       |     2 |       ||     2
       Dagger            |     2 |       ||     2
 Cast: Flame Tongue      |    72 |    61 ||   133
  Eat: Chunk             |     4 |     3 ||     7
Armor: Robe              |     3 |     4 ||     7
Dodge: Dodged            |    18 |    22 ||    40
Block: Buckler           |     5 |    11 ||    16
